 Dungeon Crawl Stone Soup version 0.25-a0-447-gff83419037 (webtiles) character file.

Game seed: 17225765601144219187, levelgen mode: deterministic

645 asgasgas the Ruffian (level 7, 0/67 HPs)
             Began as a Troll Berserker on Jan 31, 2020.
             Was a Priest of Trog.
             Slain by Pikel
             ... wielding a +1 whip of electrocution
              (7 damage)
             ... on level 4 of the Dungeon.
             The game lasted 00:05:31 (2273 turns).

asgasgas the Ruffian (Troll Berserker)              Turns: 2273, Time: 00:05:31

Health: 0/67       AC:  6    Str: 26    XL:     7   Next: 27%
Magic:  6/6        EV: 11    Int:  5    God:    Trog [***...]
Gold:   212        SH:  0    Dex: 11    Spells: 6/6 levels left

rFire    . . .     SeeInvis .     - Unarmed
rCold    . . .     Gourm    +   (no shield)
rNeg     . . .     Faith    .   a - +0 animal skin
rPois    .         Spirit   .   (helmet restricted)
rElec    .         Reflect  .   (no cloak)
rCorr    .         Harm     .   (gloves unavailable)
MR       .....                  (boots unavailable)
Stlth    +.........             (no amulet)
HPRegen  0.61/turn              o - +2 ring of intelligence
MPRegen  0.10/turn              (no ring)

@: lethally poisoned (0 -> 0)
A: large, unfitting armour, claws 3, fast metabolism 3, gourmand, regeneration
1, shaggy fur 1, tough skin 3
a: Berserk, Trog's Hand, Renounce Religion


You were on level 4 of the Dungeon.
You worshipped Trog.
Trog was most pleased with you.
You were very full.

You visited 1 branch of the dungeon, and saw 4 of its levels.

You collected 212 gold pieces.

Inventory:

Armour
 a - a +0 animal skin (worn)
Jewellery
 o - a +2 ring of intelligence (left claw)
Scrolls
 c - a scroll of amnesia {unknown}
 h - a scroll of random uselessness {unknown}
 j - a scroll of teleportation {unknown}
 l - 2 scrolls of fog {unknown}
 m - a scroll of immolation {unknown}
 n - a scroll of blinking {unknown}
 q - 2 scrolls of identify
Potions
 d - 2 potions of degeneration {unknown}
 e - a potion of heal wounds {unknown}
 f - a potion of resistance {unknown}
 g - a potion of haste {unknown}
 k - 4 potions of curing {unknown}
 p - a potion of lignification {unknown}
Comestibles
 b - 9 rations


   Skills:
 + Level 3.3 Fighting
 + Level 4.3 Dodging
 + Level 0.7 Stealth
 + Level 6.5 Unarmed Combat


You had 6 spell levels left.
You didn't know any spells.
Your spell library was empty.

Dungeon Overview and Level Annotations

Branches:
Dungeon (4/15)
 Temple: D:4-7

Altars:
Ashenzari
Fedhas
The Shining One

Annotations:
D:4 Pikel


Innate Abilities, Weirdness & Mutations

You are too large for most types of armour.
You have claws for hands.
Your metabolism is lightning-fast.
You like to eat raw meat.
Your natural rate of healing is unusually fast.
You are covered in fur. (AC +1)
You have extremely tough skin. (AC +3)


Message History

You scratch Pikel but do no damage.
Pikel is lightly wounded.
You feel sick. The slave misses you. The slave hits you.
* * * LOW HITPOINT WARNING * * *
Pikel hits you with a +1 whip of electrocution.
* * * LOW HITPOINT WARNING * * *
You scratch Pikel but do no damage.
Pikel is lightly wounded.
The slave barely misses you.
Pikel hits you with a +1 whip of electrocution.
* * * LOW HITPOINT WARNING * * *
You closely miss Pikel.
Pikel is lightly wounded.
You feel sick. The slave closely misses you. The slave barely misses you.
The slave hits you.
* * * LOW HITPOINT WARNING * * *
You closely miss Pikel.
Pikel is lightly wounded.
Pikel hits you with a +1 whip of electrocution!
You die...

#..........# #.
#######.########.#
#. ............#
#.# #.
######.###.####.#
#. #.# #......# #.
#.# ######## #.
######.####### #.
.........p....# #.
...##.#.#@#p......#
. #...ppKS..###.# #
#.#.#.#.#.#
#.##...##.# # ##.#
.. #.. .. ... .##
##.


You could see Pikel, 3 slaves and a ball python.

Vanquished Creatures
  Sigmund (D:2)
  The ghost of Archen the Chopper, an amateur MiBe of Trog (D:3)
  An ogre (D:2)
  A bullfrog zombie (D:3)
  An orc priest (D:3)
  An orc wizard (D:3)
  2 worker ants (D:4)
  A hound skeleton (D:4)
  Robin (D:2)
  6 adders
  An adder zombie (D:3)
  A worm (D:2)
  2 dart slugs (D:1)
  4 leopard geckos
  6 orcs
  4 bats
  4 giant cockroaches
  15 goblins
  10 hobgoblins
  14 jackals
  3 quokkas
  2 frilled lizards
  4 kobolds
  3 rats
  A fungus (D:2)
90 creatures vanquished.

Notes
Turn   | Place    | Note
-------+----------+-------------------------------------------
     0 | D:1      | asgasgas the Troll Berserker began the quest for the Orb.
     0 | D:1      | Reached XP level 1. HP: 22/22 MP: 0/0
    54 | D:1      | Reached XP level 2. HP: 29/29 MP: 1/1
   207 | D:1      | Reached XP level 3. HP: 31/36 MP: 2/2
   301 | D:1      | Reached ** piety under Trog
   621 | D:2      | Found a blossoming altar of Fedhas.
   818 | D:2      | Noticed an ogre
   826 | D:2      | Killed an ogre
   826 | D:2      | Reached skill level 4 in Unarmed Combat
   826 | D:2      | Reached XP level 4. HP: 21/45 MP: 3/3
   826 | D:2      | Reached XP level 5. HP: 25/53 MP: 4/4
   963 | D:2      | Found a glowing golden altar of the Shining One.
  1028 | D:2      | Noticed Sigmund
  1031 | D:2      | Noticed Robin
  1036 | D:2      | Killed Sigmund
  1036 | D:2      | Reached skill level 5 in Unarmed Combat
  1036 | D:2      | Reached XP level 6. HP: 61/61 MP: 5/5
  1045 | D:2      | Found a faded altar of an unknown god.
  1048 | D:2      | Killed Robin
  1279 | D:3      | Found a runed translucent gate.
  1280 | D:3      | Found a runed translucent gate.
  1284 | D:3      | Found a runed translucent gate.
  1290 | D:3      | Noticed Archen's ghost (amateur MiBe)
  1308 | D:3      | Killed Archen's ghost
  1309 | D:3      | Reached *** piety under Trog
  1311 | D:3      | Reached skill level 6 in Unarmed Combat
  1537 | D:3      | Reached XP level 7. HP: 34/67 MP: 6/6
  1983 | D:3      | Found a blossoming altar of Fedhas.
  2144 | D:4      | Found a shattered altar of Ashenzari.
  2263 | D:4      | Noticed Pikel
  2273 | D:4      | Slain by Pikel

Levels and vault maps discovered:
D:1:      onia_arrival_mini_spirals, layout_basic
D:2:      layout_basic, tso_altar, first_ration,
          chequers_ecumenical_altar_simple_redux, fedhas_altar_3, uniq_robin,
          uniq_sigmund
D:3:      cheibrodos_pilgrimage, layout_loops_ring, lemuel_round_altar,
          gammafunk_ghost_necromancy
D:4:      layout_loops_ring, temple_hall, nicolae_ashenzari_panopticon,
          uniq_pikel

Skill      XL: |  1  2  3  4  5  6 |
---------------+-------------------+-----
Dodging        | 3 4 |  4.3
Fighting       | 3 |  3.3
Unarmed Combat | 4 5 6 |  6.5
Stealth        | |  0.7

Action                   |  1- 3 |  4- 6 |  7- 9 || total
-------------------------+-------+-------+-------++-------
Melee: Unarmed           |   103 |    92 |    53 ||   248
       Punch             |     4 |     4 |     3 ||    11
Invok: Berserk           |       |     1 |       ||     1
  Use: Scroll            |     1 |     1 |       ||     2
 Stab: Sleeping          |       |       |     2 ||     2
  Eat: Chunk             |    13 |     7 |     6 ||    26
Armor: Animal skin       |    66 |    41 |    20 ||   127
Dodge: Dodged            |    80 |    81 |    29 ||   190

Table legend:
 A = Non-vault XP
 B = Vault XP
 C = Vault XP percentage of total XP
 D = Non-vault monster count
 E = Vault monster count
 F = Vault count percentage of total count
                 A         B        C        D         E       F
            +---------+---------+-------+---------+---------+-------
      Total |     402 |     520 |  56.4 |      68 |      21 |  23.6
            +---------+---------+-------+---------+---------+-------
        D:1 |      62 |       0 |   0.0 |      30 |       0 |   0.0
        D:2 |     181 |     255 |  58.5 |      13 |      12 |  48.0
        D:3 |      61 |     265 |  81.3 |      20 |       9 |  31.0
        D:4 |      98 |       0 |   0.0 |       5 |       0 |   0.0
            +---------+---------+-------+---------+---------+-------
